 Dungeon Crawl Stone Soup version 0.26.1-2-gb8aa6d0cf2 (webtiles) character file.

Game seed: 18357829420529899876

18 Groucho the Insei (level 2, -3/18 HPs)
             Began as an Octopode Transmuter on Feb 14, 2021.
             Slain by a worm (10 damage)
             ... on level 2 of the Dungeon.
             The game lasted 00:01:16 (992 turns).

Groucho the Insei (Octopode Transmuter)              Turns: 992, Time: 00:01:17

Health: -3/18      AC:  1    Str:  9    XL:     2   Next: 70%
Magic:  4/5        EV: 13    Int: 15    God:
Gold:   45         SH:  0    Dex: 12    Spells: 4/5 levels left

rFire    . . .     SeeInvis .     - Unarmed
rCold    . . .     Faith    .   (no shield)
rNeg     . . .     Spirit   .   (helmet currently unavailable)
rPois    .         Reflect  .   (no amulet)
rElec    .         Harm     .   (no ring)
rCorr    .         Rampage  .   (no ring)
Will     .....                  (no ring)
Stlth    +++.......             (no ring)
HPRegen  0.06/turn              (no ring)
MPRegen  0.09/turn              (no ring)
                                (no ring)
                                (no ring)

@: appendages
A: almost no armour, stealthy swim, amphibious, 8 rings, constrict 8, tentacle
spike 3, camouflage 1, gelatinous body 1
a: End Transformation


You were on level 2 of the Dungeon.
One of your tentacles had a temporary spike.
You visited 1 branch of the dungeon, and saw 2 of its levels.

You collected 45 gold pieces.

Inventory:

Armour
 b - a cursed +0 tower shield
Jewellery
 g - an uncursed ring of willpower {unknown}
Scrolls
 c - a scroll of identify {unknown}
 e - a scroll of immolation {unknown}
 f - 2 scrolls of remove curse {unknown}
Potions
 a - a potion of attraction {unknown}
 d - a potion of magic {unknown}
 h - a potion of heal wounds {unknown}


   Skills:
 - Level 1.0 Fighting
 + Level 2.2 Dodging
 + Level 1.2 Stealth
 + Level 3.2 Unarmed Combat
 + Level 2.2 Spellcasting
 + Level 2.2 Transmutations


You had 4 spell levels left.
You knew the following spells:

 Your Spells              Type           Power        Failure   Level
a - Beastly Appendage     Tmut           16%          9%          1

Your spell library contained the following spells:

 Spells                   Type           Power        Failure   Level
 Wereblood                Tmut           8%           13%         2
 Spider Form              Tmut/Pois      2%           38%         3
 Ice Form                 Ice/Tmut       5%           80%         4
 Blade Hands              Tmut           4%           94%         5


Dungeon Overview and Level Annotations

Branches:
Dungeon (2/15)

Altars:


Innate Abilities, Weirdness & Mutations

You cannot wear most types of armour.
You are very stealthy in the water. (Stealth+)
You are amphibious.
You can wear up to eight rings at the same time.
You can use your tentacles to constrict eight enemies at once.
Your skin changes colour to match your surroundings (Stealth+).
Your rubbery body absorbs attacks. (AC +1, EV +1)
One of your tentacles bears a large vicious spike.


Message History

You constrict the worm. The worm bites you.
You tentacle-slap the worm.
The worm is moderately wounded.
You constrict the worm. The worm bites you!
Ouch! That really hurt!
You are too injured to fight recklessly!
You are too injured to fight recklessly!
You release your grip on the worm.
Casting: Beastly Appendage (safe; 9% risk of failure)
Confirm with . or Enter, or press ? or * to list all spells.
One of your tentacles grows a vicious spike.
You tentacle-slap the worm but do no damage.
Your grab misses the worm.
The worm is moderately wounded.
You tentacle-slap the worm but do no damage.
You grab the worm.
You pierce the worm.
The worm is severely wounded.
You constrict the worm. The worm bites you!
Ouch! That really hurt!
You die...

#.#.#.......#
#.#.#######.#
#.#.....#
#.###
##.#####.#
#...#
#......#.#
###.#
####.#.#.#
#.# ####.#.#
#.# #
#....#.#
#.####..#
#.##.#.#
#.@w....#
#.####.#
#######....
#......# #
########


You could see a worm.

Vanquished Creatures
  An ooze (D:1)
  A dart slug (D:2)
  A giant cockroach (D:1)
  A quokka (D:2)
  2 bats (D:1)
  A goblin (D:2)
  3 kobolds
  3 rats (D:1)
13 creatures vanquished.

Notes
Turn   | Place    | Note
-------+----------+-------------------------------------------
     0 | D:1      | Groucho the Octopode Transmuter began the quest for the
                  | Orb.
     0 | D:1      | Reached XP level 1. HP: 13/13 MP: 3/3
   247 | D:1      | Reached XP level 2. HP: 16/18 MP: 5/5
   379 | D:1      | Reached skill level 1 in Stealth
   992 | D:2      | Slain by a worm

Illustrated notes

Levels and vault maps discovered:
D:1:      dpeg_arrival_line_fractal, layout_basic, serial_park_tiny_1
D:2:      layout_basic, yredelemnul_altar_generic, kennysheep_flooded_box

Skill      XL: |  1  2 |
---------------+-------+-----
Stealth        | 1 |  1.2
Fighting       | |  1.0
Dodging        | |  2.2
Unarmed Combat | |  3.2
Spellcasting   | |  2.2
Transmutations | |  2.2

Action                   || total
-------------------------++-------
Melee: Unarmed           ||    34
       Constrict         ||    10
       Tentacles         ||     8
       Kick              ||     1
 Cast: Beastly Appendage ||     2
 Stab: Sleeping          ||     4
Armor: Skin              ||     5
Dodge: Dodged            ||    17
